 Dungeon Crawl Stone Soup version 0.29-a0-206-g4a66f2e2b5 (webtiles) character file.

Game seed: 708387626556118408

2176 Inarius the Cleaver (level 9, -2/67 HPs)
             Began as a Demonspawn Fighter on Feb 23, 2022.
             Was an Initiate of Trog.
             Slain by an orc warrior
             ... wielding a +1 long sword of holy wrath
              (7 damage)
             ... on level 7 of the Dungeon.
             The game lasted 00:09:55 (7608 turns).

Inarius the Cleaver (Demonspawn Fighter)            Turns: 7608, Time: 00:09:56

Health: -2/67      AC: 15    Str: 20    XL:     9   Next: 11%
Magic:  9/9        EV:  9    Int:  9    God:    Trog [......]
Gold:   327        SH:  5    Dex: 14    Spells: 8/8 levels left

rFire   . . .      SeeInvis .   a - +0 war axe
rCold   . . .      Faith    +   c - +0 buckler
rNeg    . . .      Spirit   .   w - +0 plate armour
rPois   .          Reflect  .   (helmet restricted)
rElec   .          Harm     .   o - +0 cloak
rCorr   .          Rampage  .   (no gloves)
Will    .....                   (no boots)
Stlth   ..........              f - amulet of faith
HPRegen 0.21/turn               i - +4 ring of evasion
MPRegen 0.11/turn               (no ring)

@: no status effects
A: antennae 1, slimy green scales 1, powered by death 2
a: Renounce Religion


You were on level 7 of the Dungeon.
You worshipped Trog.
Trog was noncommittal.
You visited 2 branches of the dungeon, and saw 8 of its levels.
You also visited: Ossuary.

You collected 327 gold pieces.

Inventory:

Hand Weapons
 a - a +0 war axe (weapon)
 d - a +4 spear
 B - a +1 spear of freezing
Armour
 c - a +0 buckler (worn)
 o - a +0 cloak (worn)
 w - a +0 plate armour (worn)
Jewellery
 f - an amulet of faith (around neck)
 g - a +4 ring of protection
 i - a +4 ring of evasion (left hand)
 v - the ring of Qazlal's Respect {*Corrode rN++ EV+4 Int+4}
   (You found it on level 4 of the Dungeon)

   [ring of evasion]

   EV:        It affects your evasion (+4).
   Int:       It affects your intelligence (+4).
   rN:        It greatly protects you from negative energy.
   *Corrode:  It may corrode you when you take damage.
Wands
 n - a wand of paralysis (5)
 q - a wand of flame (45)
 y - a wand of charming (6)
 C - a wand of iceblast (7)
 E - a wand of mindburst (4)
Scrolls
 e - 4 scrolls of enchant weapon
 j - a scroll of magic mapping {unknown}
 k - 2 scrolls of teleportation
 l - 2 scrolls of identify
 m - 2 scrolls of vulnerability {unknown}
 p - a scroll of blinking
 r - 2 scrolls of noise
 z - a scroll of immolation
 G - 2 scrolls of fear {unknown}
Potions
 b - 3 potions of mutation
 h - 2 potions of brilliance
 s - 7 potions of curing
 t - a potion of flight
 u - a potion of attraction {unknown}
 x - 2 potions of lignification {unknown}
 A - 2 potions of cancellation {unknown}
 D - a potion of haste {unknown}
 F - a potion of ambrosia {unknown}


   Skills:
 + Level 4.9 Fighting
 * Level 9.3 Axes
 + Level 5.0 Armour
 + Level 3.9 Shields


You had 8 spell levels left.
You didn't know any spells.
Your spell library contained the following spells:

 Spells                   Type           Power      Damage    Failure   Level
 Gell's Gravitas          Tloc           0%         N/A       100%        3
 Teleport Other           Tloc           0%         N/A       100%        3
 Dispersal                Tloc           0%         N/A       100%        6


Dungeon Overview and Level Annotations

Branches:
Dungeon (7/15)             Temple (1/1) D:7         Ossuary (visited)

Altars:
Ashenzari
Dithmenos
Elyvilon
Gozag
Kikubaaqudgha
Makhleb
Qazlal
Ru
Sif Muna
Trog
Uskayaw
Vehumet
Wu Jian
Yredelemnul
Zin
The Shining One

Shops:
D:1 =


Innate Abilities, Weirdness & Mutations

You have a pair of small antennae on your head.
You are partially covered in slimy green scales. (AC +2)
You regenerate health from kills.


Message History

Trog accepts your kill.
You hit the orc priest.
The orc priest hits you but does no damage.
Unknown command.
Unknown command.
Unknown command.
You barely miss the orc priest.
The orc priest is heavily wounded.
You hit the orc warrior. The orc priest closely misses you.
The orc warrior hits you with a +1 long sword of holy wrath.
You convulse!
You hit the orc priest.
The orc priest is almost dead.
You hit the orc warrior. You barely miss the orc.
The orc priest hits you but does no damage.
The orc warrior hits you with a +1 long sword of holy wrath.
You convulse!
The orc barely misses you.
You barely miss the orc priest.
The orc priest is almost dead.
You hit the orc. You completely miss the orc warrior.
You block the orc priest's attack. The orc warrior closely misses you.
The orc hits you but does no damage.
The orc priest hits you but does no damage.
You hit the orc priest.
The orc priest is almost dead.
You completely miss the orc. You slash the orc warrior!
The orc warrior hits you with a +1 long sword of holy wrath!
You convulse!
The orc hits you but does no damage.
The orc priest looks satisfied for a moment.
The orc warrior hits you but does no damage.
You closely miss the orc priest.
The orc priest is almost dead.
You hit the orc warrior. You closely miss the orc. The orc barely misses you.
The orc priest calls down the wrath of Beogh upon you.
Beogh smites you!
* * * LOW HITPOINT WARNING * * *
The orc warrior hits you with a +1 long sword of holy wrath!
* * * LOW HITPOINT WARNING * * *
You convulse!
You die...

#.#..#.# #..
#######'##.#.#
#..
...........#.#
#..
...........#.#
#<.
...........#.#
#..
...........#.#
#..
.........<.#.#
#..
..........##.#
#..
......o@..'..#
+..
......oo..####
#..
..........#
#..
..........#
..........#
..........#
..........#
###########


You could see an orc warrior, an orc priest and an orc.

Vanquished Creatures
  Grinder (D:4)
  2 wraiths (Ossuary)
  3 water moccasins
  A black bear (D:4)
  A sky beast (D:7)
  2 ogres
  A necrophage (D:5)
  A phantom (D:5)
  2 bullfrogs
  A gnoll sergeant (D:7)
  2 scorpions
  A water moccasin skeleton (D:2)
  2 wights (Ossuary)
  An orc priest (D:6)
  A bullfrog skeleton (D:5)
  4 iguanas
  A centaur skeleton (D:7)
  Terence (D:2)
  A hound skeleton (D:4)
  5 gnolls
  3 adders
  2 white imps (D:7)
  An adder zombie (Ossuary)
  3 worms
  4 dart slugs
  7 orcs
  6 endoplasms
  2 giant cockroaches
  14 goblins
  3 hobgoblins
  14 jackals
  10 quokkas
  6 ball pythons
  4 bats (D:1)
  4 frilled lizards
  A hobgoblin skeleton (Ossuary)
  3 hobgoblin zombies (Ossuary)
  9 kobolds
  A kobold zombie (Ossuary)
  2 orc zombies (Ossuary)
  10 rats
143 creatures vanquished.

Notes
Turn   | Place    | Note
-------+----------+-------------------------------------------
     0 | D:1      | Inarius the Demonspawn Fighter began the quest for the Orb.
     0 | D:1      | Reached XP level 1. HP: 18/18 MP: 1/1
    45 | D:1      | Found Kolojib's Jewellery Boutique.
   225 | D:1      | Reached skill level 2 in Axes
   226 | D:1      | Gained mutation: You have a pair of small antennae on your
                  | head. [demonic ancestry]
   226 | D:1      | Reached XP level 2. HP: 18/24 MP: 2/2
   996 | D:1      | Gained mutation: You regenerate a little health from kills.
                  | [demonic ancestry]
   996 | D:1      | Reached XP level 3. HP: 29/29 MP: 3/3
  1302 | D:2      | Noticed Terence
  1312 | D:2      | Killed Terence
  1313 | D:2      | Reached skill level 3 in Axes
  1313 | D:2      | Reached XP level 4. HP: 29/35 MP: 4/4
  1778 | D:2      | Found an ornate altar of the Wu Jian Council.
  1888 | D:2      | Reached XP level 5. HP: 38/41 MP: 5/5
  2002 | D:2      | Reached skill level 4 in Axes
  3042 | D:3      | Found a faded altar of an unknown god.
  3112 | D:4      | Noticed an ogre
  3257 | D:4      | Noticed a black bear
  3274 | D:4      | Killed a black bear
  3275 | D:4      | Reached XP level 6. HP: 38/48 MP: 6/6
  3417 | D:4      | Reached skill level 5 in Axes
  3605 | D:4      | Noticed Grinder
  3614 | D:4      | Paralysed by Grinder for 7 turns
  3624 | D:4      | Killed Grinder
  3625 | D:4      | Reached XP level 7. HP: 42/53 MP: 7/7
  3861 | D:4      | Identified the ring of Qazlal's Respect {*Corrode rN++ EV+4
                  | Int+4}
  3924 | D:4      | Reached skill level 6 in Axes
  3992 | D:5      | Entered Level 5 of the Dungeon
  4419 | D:5      | Reached skill level 7 in Axes
  4501 | D:5      | Found an opulent altar of Gozag.
  4805 | D:5      | Gained mutation: You regenerate health from kills. [demonic
                  | ancestry]
  4805 | D:5      | Reached XP level 8. HP: 17/60 MP: 8/8
  5728 | D:6      | Reached skill level 8 in Axes
  5922 | D:6      | Found a sand-covered staircase.
  5927 | Ossuary  | Entered an ossuary
  6029 | Ossuary  | Noticed a flying skull
  6040 | Ossuary  | Noticed a flying skull
  6042 | Ossuary  | Noticed a flying skull
  6042 | Ossuary  | Noticed a flying skull
  6497 | D:7      | Reached skill level 9 in Axes
  6651 | D:6      | Gained mutation: You are partially covered in slimy green
                  | scales. (AC +2) [demonic ancestry]
  6651 | D:6      | Reached XP level 9. HP: 67/67 MP: 9/9
  6754 | D:6      | Found a broken altar of Ashenzari.
  6812 | D:6      | Found a radiant altar of Vehumet.
  6910 | D:6      | Reached skill level 5 in Armour
  7098 | D:7      | Found a staircase to the Ecumenical Temple.
  7166 | Temple   | Entered the Ecumenical Temple
  7268 | Temple   | Became a worshipper of Trog the Wrathful
  7400 | D:7      | Found an ornate altar of the Wu Jian Council.
  7608 | D:7      | Slain by an orc warrior

Illustrated notes

Levels and vault maps discovered:
D:1:      mrwooster_arrival_statue_2, layout_loops_corners, serial_shops,
          nicolae_shop_trees, minmay_hexomino_c4
D:2:      layout_basic, basic_altar, uniq_terence
D:3:      layout_loops_corners, good_gods_mini_temple,
          hellmonk_ecumenical_altar_inner_sanctum
D:4:      layout_basic, uniq_grinder
D:5:      layout_layer_cave, lemuel_crystal_altar, dk_noncrumbling_3,
          minmay_ogre_servants
D:6:      layout_rooms, mainiacjoe_overflow_alcove_2, evilmike_ruin_ashenzari,
          enter_ossuary_2, minmay_misc_feat_room
D:7:      layout_basic, overflow_temple_1_default,
          minmay_temple_entry_glassed_door, uniq_maggie
Temple:   dpeg_three_leaves_temple

Skill      XL: |  1  2  3  4  5  6  7  8  9 |
---------------+----------------------------+-----
Axes           | 2 3 4 5 7 9 |  9.3
Armour         | 3 4 5 |  5.0
Shields        | 3 |  3.9
Fighting       | 4 |  4.9

Action                   |  1- 3 |  4- 6 |  7- 9 || total
-------------------------+-------+-------+-------++-------
Melee: War axe           |   140 |   142 |   252 ||   534
  Use: Scroll            |       |     5 |     8 ||    13
       Potion            |       |     1 |     4 ||     5
Armor: Scale mail        |   113 |     1 |       ||   114
       Chain mail        |       |    59 |    25 ||    84
       Plate armour      |       |       |    76 ||    76
Dodge: Dodged            |    81 |    78 |   100 ||   259
Block: Buckler           |    32 |    34 |    75 ||   141

Table legend: (Time is in decaauts)
 A = Elapsed time spent in this place.
 B = Non-inter-level travel time spent in this place.
 C = Inter-level travel time spent in this place.
 D = Time resting spent in this place.
 E = Time spent auto-exploring this place.
 F = Levels seen in this place.
 G = Mean time per level.
                   A        B        C        D        E       F      G
               +--------+--------+--------+--------+--------+-----+--------+
         Total |   7785 |   7486 |    299 |   1244 |   4641 |   9 |  865.0 |
       Dungeon |   7294 |   7004 |    290 |   1206 |   4469 |   7 | 1042.0 |
        Temple |    115 |    106 |      9 |      0 |     46 |   1 |  115.0 |
       Ossuary |    375 |    375 |      0 |     38 |    126 |   1 |  375.0 |
               +--------+--------+--------+--------+--------+-----+--------+

Top non-repeatable levels by time:
     D:5: 1615 daAuts
     D:1: 1267 daAuts
     D:4: 1131 daAuts
     D:2: 1026 daAuts
     D:3: 928 daAuts
     D:7: 803 daAuts
     D:6: 521 daAuts
 Ossuary: 375 daAuts
  Temple: 115 daAuts
